 Dungeon Crawl Stone Soup version 0.25.0-9-g26727b657a (webtiles) character file.

Game seed: 5828408337194077849

181 Esekla the Slasher (level 5, -4/41 HPs)
             Began as a Barachi Warper on June 16, 2020.
             Was a Follower of Vehumet.
             Slain by a wraith (12 damage)
             ... in an ossuary.
             The game lasted 00:14:46 (3120 turns).

Esekla the Slasher (Barachi Warper)                 Turns: 3120, Time: 00:14:46

Health: -4/41      AC:  4    Str: 12    XL:     5   Next: 61%
Magic:  7/8        EV: 12    Int: 14    God:    Vehumet [*.....]
Gold:   142        SH:  0    Dex: 12    Spells: 5/9 levels left

rFire    . . .     SeeInvis .   e - +1 dagger (elec)
rCold    . . .     Gourm    .   (no shield)
rNeg     . . .     Faith    .   b - +0 leather armour
rPois    .         Spirit   .   t - +0 helmet
rElec    .         Reflect  .   (no cloak)
rCorr    .         Harm     .   (no gloves)
MR       .....                  (no boots)
Stlth    +.........             (no amulet)
HPRegen  0.13/turn              (no ring)
MPRegen  0.11/turn              (no ring)

@: slowed, very slow
A: +LOS, swims, slowness 1, strong legs 1
a: Hop, Renounce Religion


You were in an ossuary.
You worshipped Vehumet.
Vehumet was aware of your devotion.
You were hungry.

You visited 1 branch of the dungeon, and saw 4 of its levels.
You also visited: Ossuary.

You collected 142 gold pieces.

Inventory:

Hand Weapons
 a - a +0 falchion
 e - a +1 dagger of electrocution (weapon)
 k - a +0 spear
 v - a +3 short sword of venom
Missiles
 o - 5 boomerangs of dispersal (quivered)
Armour
 b - a +0 leather armour (worn)
 t - a +0 helmet (worn)
Jewellery
 r - an uncursed ring of protection from magic {unknown}
Wands
 D - a wand of random effects (19)
Scrolls
 c - a scroll of teleportation {unknown}
 d - 2 scrolls of blinking
 h - a scroll of fear {unknown}
 j - 6 scrolls of identify {unknown}
 q - a scroll of enchant armour {unknown}
 u - 3 scrolls of noise
 w - a scroll of remove curse {unknown}
 x - a scroll of enchant weapon {unknown}
 y - a scroll of silence {unknown}
Potions
 g - 4 potions of flight {unknown}
 i - a potion of magic {unknown}
 l - 3 potions of might {unknown}
 m - 3 potions of brilliance {unknown}
 n - a potion of heal wounds {unknown}
 p - 2 potions of lignification {unknown}
 s - 3 potions of stabbing {unknown}
 z - 2 potions of curing {unknown}
 A - a potion of berserk rage {unknown}
 B - a potion of invisibility {unknown}
 C - a potion of experience {unknown}
Comestibles
 f - 11 rations


   Skills:
 * Level 3.5 Fighting
 + Level 2.0(3.0) Short Blades
 * Level 3.8(4.1) Long Blades
 - Level 1.0 Throwing
 + Level 2.2 Armour
 + Level 2.9 Dodging
 + Level 0.2 Stealth
 * Level 2.6 Spellcasting
 * Level 1.2 Charms
 + Level 3.4 Translocations


You had 5 spell levels left.
You knew the following spells:

 Your Spells              Type           Power        Failure   Level  Hunger
a - Shroud of Golubria    Chrm/Tloc      #.....       16%         2    ###....
b - Blink                 Tloc           N/A          11%         2    ###....

Your spell library contained the following spells:

 Spells                   Type           Power        Failure   Level  Hunger
 Sandblast                Erth           #.....       28%         1    #......
 Gell's Gravitas          Tloc           ##........   21%         3    ###....
 Lesser Beckoning         Tloc           ##........   21%         3    ###....
 Teleport Other           Tloc           ##......     21%         3    ###....
 Passage of Golubria      Tloc           N/A          56%         4    #####..


Dungeon Overview and Level Annotations

Branches:
Dungeon (4/15)            Ossuary (1/1)
 Temple: D:4-7

Altars:
Kikubaaqudgha
Vehumet


Innate Abilities, Weirdness & Mutations

You can be seen from farther away. (+LOS)
You can swim through water.
You cover ground slowly.
You can hop short distances.


Message History

The wraith drains your vigour!
You feel as though you will be slow longer.
Okay, then.
Unknown command.
Okay, then.
You hit the wraith.
The wraith is almost destroyed.
The wraith closely misses you. The wraith barely misses you.
You hit the wraith but do no damage.
The wraith is severely damaged.
The wraith misses you.
You closely miss the wraith.
The wraith is severely damaged.
The wraith hits you.
* * * LOW HITPOINT WARNING * * *
You closely miss the wraith.
The wraith is severely damaged.
Your shroud unravels.
The wraith hits you!
You die...

#.###..###..###.# ### #######
#...............# #W# #.....#
#.###.......###.###▓#####.8.8.#
#.#z#.......# #.'.....'.......'
#.###.......###.###▓#####.8.8.#
#...............# #z# #.....#
#.###..###..###.# ### #######
#.# #..# #..#W#.#
#.+##..###..##@.#
#...............#
#################


You could see a wraith.

Vanquished Creatures
  A centaur skeleton (D:3)
  7 adders
  An ooze (D:1)
  2 adder zombies (Ossuary)
  7 dart slugs
  2 leopard geckos (D:3)
  3 orcs (D:3)
  A ball python (D:1)
  2 bats
  5 giant cockroaches
  5 goblins
  4 hobgoblins
  2 jackals (D:2)
  7 kobolds
  A quokka (D:2)
  2 ball python skeletons
  2 frilled lizards (D:1)
  A hobgoblin skeleton (Ossuary)
  2 hobgoblin zombies (Ossuary)
  A kobold zombie (Ossuary)
  2 orc skeletons (Ossuary)
  5 rats (D:2)
65 creatures vanquished.

Notes
Turn   | Place    | Note
-------+----------+-------------------------------------------
     0 | D:1      | Esekla the Barachi Warper began the quest for the Orb.
     0 | D:1      | Reached XP level 1. HP: 17/17 MP: 3/3
    53 | D:1      | Reached XP level 2. HP: 21/23 MP: 5/5
    97 | D:1      | Learned a level 2 spell: Shroud of Golubria
   100 | D:1      | Learned a level 2 spell: Blink
   449 | D:1      | Reached XP level 3. HP: 29/29 MP: 6/6
   670 | D:2      | Found a radiant altar of Vehumet.
   815 | D:2      | Became a worshipper of Vehumet
   960 | D:2      | Reached XP level 4. HP: 29/35 MP: 7/7
   971 | D:2      | Reached skill level 1 in Charms
  2078 | D:3      | Reached XP level 5. HP: 29/41 MP: 5/8
  2086 | D:3      | Reached skill level 1 in Short Blades
  2472 | D:3      | Reached * piety under Vehumet
  2472 | D:3      | Offered knowledge of Sandblast by Vehumet.
  2503 | D:3      | Found an ancient bone altar of Kikubaaqudgha.
  2800 | D:4      | Noticed an ogre
  2856 | D:4      | Found a sand-covered staircase.
  2874 | Ossuary  | Entered an ossuary
  3041 | Ossuary  | Noticed a wraith
  3041 | Ossuary  | Noticed a flying skull
  3079 | Ossuary  | Noticed a flying skull
  3084 | Ossuary  | Noticed a flying skull
  3112 | Ossuary  | Noticed a wraith
  3120 | Ossuary  | Slain by a wraith

Illustrated notes

Levels and vault maps discovered:
D:1:      lightli_molten_gateway, layout_loops_ring, roderic_filled_cross,
          st_stairs_6
D:2:      layout_loops_ring, vehumet_crystals, first_ration
D:3:      layout_rooms, marbit_many_paths
D:4:      layout_loops_ring, enter_ossuary_1,
          nicolae_gozag_cash_rules_everything_around_me
Ossuary:  ossuary_due_cavern

Skill      XL: |  1  2  3  4  5 |
---------------+----------------+-----
Long Blades    | 3 |  3.8
Fighting       | 3 |  3.5
Charms         | 1 |  1.2
Armour         | 2 |  2.2
Short Blades   | 2 |  2.0
Throwing       | |  1.0
Dodging        | |  2.9
Stealth        | |  0.2
Spellcasting   | |  2.6
Translocations | |  3.4

Action                   |  1- 3 |  4- 6 || total
-------------------------+-------+-------++-------
Melee: Falchion          |    37 |       ||    37
       Dagger            |    40 |    82 ||   122
       Short sword       |       |    47 ||    47
 Cast: Shroud of Golubri |       |     6 ||     6
 Abil: Hop               |       |     2 ||     2
  Use: Scroll            |       |     1 ||     1
 Stab: Sleeping          |     1 |       ||     1
  Eat: Chunk             |       |     8 ||     8
Armor: Leather armour    |    22 |    28 ||    50
Dodge: Dodged            |    47 |    81 ||   128
       Rpst.: Falchion   |     9 |       ||     9
